Unix NetHack Version 5.0.0-0 post-release - last build Jun 10 2026 00:39:30 (3ee93aec679c4c4259841fe613dc97188e26a321,branch:main).

Game began 2026-06-25 22:14:26, ended 2026-06-25 22:23:13.

Felix1, neutral male gnomish Wizard

                                  ------------
                                  |..........|
                                  |..........|
                                  |.@........|
                                 #...........|
                                 #-|----------
                                 # #######
                                 #       ###
                                 #         #####
                                 #        -----|----------
                                 #        |..............|
                                 #        |.......[......|
                                 #        |.............<|
                                 #        |..............|
                                          ----------------

Felix1 the Conjurer       St:5 Dx:9 Co:14 In:19 Wi:11 Ch:10  Neutral
Dlvl:3  $:12 HP:0(22) Pw:7(28) AC:9  Xp:3 T:852  Satiated

Latest messages:
 In what direction? 2
 The spell misses the homunculus.
 The homunculus bites!
 In what direction? 2
 The spell misses the homunculus.
 The homunculus bites!
 In what direction? 2
 The spell misses the homunculus.
 The homunculus bites!
 You hit the homunculus.
 The homunculus bites!
 You are put to sleep by the homunculus!
 You dream that you hear someone counting gold coins.
 The homunculus bites!
 The homunculus bites!
 The homunculus bites!
 The homunculus bites!
 The homunculus bites!
 You wake up.
 Are you sure you want to pray? [yn] (n) y
 You begin praying to Thoth.
 You are surrounded by a shimmering light.
 The homunculus starts to attack you, but pulls back.
 The homunculus starts to attack you, but pulls back.
 The homunculus starts to attack you, but pulls back.
 You finish your prayer.
 You feel that Thoth is pleased.
 You feel much better.
 The homunculus bites!
 You hit the homunculus!
 You knock the homunculus backward with a forceful blow!
 The homunculus bites!
 You are put to sleep by the homunculus!
 The homunculus bites!
 The homunculus bites!
 The homunculus bites!
 The homunculus bites!
 The homunculus bites!
 The homunculus bites!
 The homunculus bites!
 The homunculus bites!
 You wake up.
 You hit the homunculus!
 The homunculus bites!
 You kill the homunculus!
 You see here a homunculus corpse.
 There is a homunculus corpse here; eat it? [ynq] (n) y
 Ecch - that must have been poisonous!
 You die...
 Do you want your possessions identified? [ynq] (y) q

Inventory:
 Coins    ('$')
  $ - 12 gold pieces
 Weapons  (')')
  a - a blessed +1 quarterstaff (weapon in hands)
 Armor    ('[')
  b - an uncursed +0 cloak of magic resistance (being worn)
 Comestibles  ('%')
  t - an uncursed cram ration
 Scrolls  ('?')
  o - an uncursed scroll of blank paper
  i - 2 uncursed scrolls of enchant weapon
  j - an uncursed scroll of taming
 Spellbooks  ('+')
  k - a blessed spellbook of force bolt
  l - an uncursed spellbook of identify
 Potions  ('!')
  f - an uncursed potion of confusion
  h - an uncursed potion of paralysis
  g - an uncursed potion of water
 Rings    ('=')
  d - an uncursed ring of cold resistance
  e - an uncursed ring of polymorph
 Wands    ('/')
  r - a blessed wand of light (0:14)
  c - a wand of lightning (0:8)
 Tools    ('(')
  m - a magic marker (0:19)
  p - a cursed wax candle
 Gems/Stones  ('*')
  n - an uncursed worthless piece of green glass
  q - an uncursed worthless piece of violet glass
  s - an uncursed worthless piece of yellowish brown glass

Felix1 the Wizard's attributes:

Background:
 You were a Conjurer, a level 3 male gnomish Wizard.
 You were neutral, on a mission for Thoth
 who was opposed by Ptah (lawful) and Anhur (chaotic).
 You were right-handed.
 You were in the Dungeons of Doom, on level 3.
 You entered the dungeon 852 turns ago.
 It was nighttime.
 You had 74 experience points, 6 more were needed to attain level 4.

Basics:
 You had 0 out of 22 hit points.
 You had 7 out of 28 energy points (spell power).
 Your armor class was 9.
 Your wallet contained 12 zorkmids.
 Autopickup was off.

Final Characteristics:
 Your strength was 5 (peak:11, limit:18/50).
 Your dexterity was 9 (peak:10, limit:18).
 Your constitution was 14 (limit:18).
 Your intelligence was 19 (limit:19).
 Your wisdom was 11 (limit:18).
 Your charisma was 10 (limit:18).

Final Status:
 You were satiated.
 You were unencumbered.
 You were wielding a quarterstaff.
 You had basic skill with quarterstaff.

Final Attributes:
 You were devoutly aligned.
 You were magic-protected.
 You had infravision.
 You were warded.
 You are dead.

Miscellaneous:
 You didn't encounter any bones levels.
 Total elapsed playing time was 8 minutes and 47 seconds.

Major events:
 Turn
    1: Felix1 the neutral male gnomish Wizard entered the dungeon
  474: attained the rank of Conjurer (level 3)
  852: killed by a poisonous corpse

Spells:
 Name                 Level Category     Fail Retention
 force bolt             1   attack         0%  91%-100%
 identify               3   divination    72%  76%-100%

Skills:
 Fighting Skills
   bare handed combat [Unskilled]
   riding             [Unskilled]
 Weapon Skills
   dagger             [Unskilled]
   knife              [Unskilled]
   axe                [Unskilled]
   short sword        [Unskilled]
   club               [Unskilled]
   mace               [Unskilled]
   quarterstaff       [Basic]
   polearms           [Unskilled]
   spear              [Unskilled]
   trident            [Unskilled]
   sling              [Unskilled]
   dart               [Unskilled]
   shuriken           [Unskilled]
 Spellcasting Skills
   attack spells      [Basic]
   healing spells     [Unskilled]
   divination spells  [Unskilled]
   enchantment spells [Basic]
   clerical spells    [Unskilled]
   escape spells      [Unskilled]
   matter spells      [Unskilled]

Voluntary challenges:
 Character rerolling was not enabled.
 You were illiterate.
 You never genocided any monsters.
 You never polymorphed an object.
 You never changed form.
 You used no wishes.
Achievement:
 You attained the rank of Conjurer.

 The Dungeons of Doom: levels 1 to 3
    Level 1:
    Level 2:
    Level 3: <- You were here.
       Final resting place for
          you, killed by a poisonous corpse.


Vanquished creatures:
  a kitten
  a homunculus
  a kobold leader
  a large kobold
  4 geckos
  4 jackals
  a kobold
  a goblin
  a grid bug
  5 lichens
  a kobold zombie
  2 newts
23 creatures vanquished.

No species were genocided or became extinct.

Game over:
                       ----------
                      /          \
                     /    REST    \
                    /      IN      \
                   /     PEACE      \
                  /                  \
                  |      Felix1      |
                  |      12 Au       |
                  |   killed by a    |
                  | poisonous corpse |
                  |                  |
                  |                  |
                  |       2026       |
                 *|     *  *  *      | *
        _________)/\\_//(\/(/\)/\//\/|_)_______

Goodbye Felix1 the Wizard...

You died in The Dungeons of Doom on dungeon level 3 with 407 points,
and 12 pieces of gold, after 852 moves.
You were level 3 with a maximum of 22 hit points when you died.

